 Dungeon Crawl Stone Soup version 0.25-a0-356-g7c9d860b3b (webtiles) character file.

Game seed: 14845529863296457340, levelgen mode: classic

8348 EnegeticOcto the Basher (level 11, -1/75 HPs)
             Began as a Halfling Fighter on Jan 3, 2020.
             Was a Priest of Okawaru.
             Slain by an Executioner (4 damage)
             ... on level 2 of the Abyss.
             The game lasted 00:26:05 (16049 turns).

EnegeticOcto the Basher (Halfling Fighter)         Turns: 16049, Time: 00:26:05

Health: -1/75      AC: 24    Str: 23    XL:     11   Next: 54%
Magic:  13/14      EV: 11    Int:  6    God:    Okawaru [***...]
Gold:   331        SH: 15    Dex: 17    Spells: 10/10 levels left

rFire    . . .     SeeInvis .   a - +1 flail
rCold    . . .     Gourm    +   c - +0 shield
rNeg     . . .     Faith    .   x - +0 plate armour
rPois    .         Spirit   .   (no helmet)
rElec    .         Reflect  .   h - +1 cloak
rCorr    .         Harm     .   (no gloves)
MR       .....                  (no boots)
Stlth    ..........             y - amulet of the gourmand
HPRegen  0.00/turn              s - +6 ring of protection
MPRegen  0.14/turn              (no ring)

@: mighty, heroism, non-regenerating, mildly diseased
A: small, mutation resistance 1
a: Heroism, Renounce Religion


You were on level 2 of the Abyss.
You worshipped Okawaru.
Okawaru was most pleased with you.
You were very full.

You visited 2 branches of the dungeon, and saw 12 of its levels.
You visited the Abyss 1 time.

You collected 471 gold pieces.
You spent 140 gold pieces at shops.

Inventory:

Hand Weapons
 a - a +1 flail (weapon)
 n - a +0 whip
Missiles
 b - a throwing net {!f}
 g - 29 poisoned darts (quivered)
Armour
 c - a +0 shield (worn)
 h - a +1 cloak (worn)
 x - a +0 plate armour (worn)
Jewellery
 s - a +6 ring of protection (left hand)
 y - an amulet of the gourmand (around neck)
Wands
 f - a wand of scattershot (7)
 m - a wand of paralysis (7)
 r - a wand of enslavement (6)
 u - a wand of polymorph (10)
Scrolls
 i - a scroll of remove curse {@r2}
 j - 2 scrolls of teleportation {@r3 !r}
 q - a scroll of magic mapping {@r5 !r}
 t - a scroll of enchant armour
 z - a scroll of enchant weapon
Potions
 d - 2 potions of might {@q3 !q}
 k - 3 potions of brilliance
 l - 2 potions of magic
 o - a potion of invisibility
 p - a potion of resistance
 v - a potion of flight
 w - a potion of heal wounds {@q2 !q}
Comestibles
 e - 25 rations


   Skills:
 + Level 7.4(12.4) Fighting
 * Level 9.9(14.9) Maces & Flails
 + Level 8.8(13.8) Armour
 + Level 8.9(13.9) Shields
 + Level 4.3 Invocations


You had 10 spell levels left.
You didn't know any spells.
Your spell library was empty.

Dungeon Overview and Level Annotations

Branches:
Dungeon (11/15)            Temple (1/1) D:7
   Lair: D:8-11         Orc: D:9-12

Altars:
Ashenzari
Dithmenos
Gozag
Kikubaaqudgha
Makhleb
Okawaru
Ru
Sif Muna
Wu Jian
Zin
The Shining One

Shops:
D:7 }


Innate Abilities, Weirdness & Mutations

You are small and have problems with some larger weapons.
You are somewhat resistant to further mutation.


Message History

The Executioner hits you but does no damage.
You block the Executioner's attack. x2; The Executioner closely misses you.
The Executioner hits you but does no damage.
The Executioner hits you.
The Executioner hits you but does no damage. x2
You hit the Executioner but do no damage.
The Executioner hits you but does no damage.
You block the Executioner's attack. x2; The Executioner hits you!
* * * LOW HITPOINT WARNING * * *
The Executioner hits you but does no damage. x2
Unknown command.
Unknown command.
Really quaff
w - 3 potions of heal wounds {@q2 !q}?
You feel much better. The Executioner hits you.
The Executioner closely misses you. You block the Executioner's attack. x4
The Executioner hits you. x2; The Executioner barely misses you.
Press: ? - help, v - describe, . - travel
Here: an Executioner (fast)
The floor.
Evoke which item? (* to show all) (? for menu, Esc to quit)
Okay, then.
Okay, then.
Really quaff
d - 3 potions of might {@q3 !q}?
You feel very mighty all of a sudden. The Executioner hits you!
The Executioner hits you but does no damage. x2
The Executioner gestures at you.
You struggle to resist.
You block the Executioner's attack.
The Executioner hits you but does no damage.
You block the Executioner's attack.
You bludgeon the Executioner!!
The Executioner is moderately wounded.
You block the Executioner's attack. The Executioner hits you.
You block the Executioner's attack. x2
The Executioner hits you but does no damage.
The Executioner closely misses you.
Really quaff
w - 2 potions of heal wounds {@q2 !q}?
You feel much better. The Executioner hits you! The Executioner hits you.
The Executioner hits you but does no damage.
The Executioner barely misses you. The Executioner completely misses you.
The Executioner hits you but does no damage.
You block the Executioner's attack. x2
The Executioner hits you but does no damage.
You closely miss the Executioner.
The Executioner is moderately wounded.
The Executioner hits you! You block the Executioner's attack.
The Executioner hits you but does no damage.
The Executioner closely misses you. The Executioner hits you.
The Executioner hits you but does no damage.
You bludgeon the Executioner!!
The Executioner is severely wounded.
You block the Executioner's attack.
The Executioner hits you but does no damage.
You block the Executioner's attack.
The Executioner hits you but does no damage. x2
You block the Executioner's attack.
You barely miss the Executioner.
The Executioner is severely wounded.
The Executioner hits you but does no damage.
You block the Executioner's attack.
The Executioner hits you but does no damage. x3
You block the Executioner's attack.
You closely miss the Executioner.
The Executioner is severely wounded.
The Executioner hits you but does no damage.
You block the Executioner's attack. x3
The Executioner hits you but does no damage.
The Executioner hits you. The Executioner misses you.
The Executioner hits you but does no damage.
You block the Executioner's attack.
A large abomination comes into view.
You thump the Executioner!
The Executioner is almost dead.
The Executioner hits you but does no damage.
The Executioner misses you.
The Executioner hits you but does no damage.
The Executioner hits you!
* * * LOW HITPOINT WARNING * * *
You block the Executioner's attack. x2
You hit the Executioner.
The Executioner is almost dead.
You block the Executioner's attack. x2; The Executioner hits you.
* * * LOW HITPOINT WARNING * * *
You block the Executioner's attack.
The Executioner hits you but does no damage. x2
Your shield and plate armour prevent you from hitting the Executioner.
The Executioner is almost dead.
The Executioner barely misses you. The Executioner hits you.
* * * LOW HITPOINT WARNING * * *
You block the Executioner's attack. x3; The Executioner barely misses you.
You block the Executioner's attack.
The Executioner hits you but does no damage. x2
You barely miss the Executioner.
The Executioner is almost dead.
You block the Executioner's attack.
The Executioner hits you but does no damage. x2
The Executioner hits you.
* * * LOW HITPOINT WARNING * * *
The Executioner hits you.
You die...

# .. . #
#. ## . #
#. # ...
# #1.1###
. . #.
#...## .
#....#..#
# ## .
#X## # .
## . #1#
#. #@## .
### . . .
. . ....
. . . # .
. .. # #
#. # .
..# . # .
# # ...
.#


You could see an Executioner and a large abomination.

Vanquished Creatures
  Harold (D:9)
  An ugly thing (D:8)
  A centaur skeleton (D:7)
  An ancient zyme (Abyss:2)
  3 hippogriffs
  A spriggan (D:7)
  A wyvern (D:11)
  10 yaks
  A water moccasin (D:6)
  2 orc warriors
  2 ice beasts
  2 black bears
  A necrophage (D:7)
  5 ogres
  5 sky beasts
  2 wolves (D:11)
  6 centaurs
  4 bullfrogs
  4 scorpions
  6 killer bees
  3 howler monkeys
  3 crimson imps
  A quasit (Abyss:2)
  5 hounds
  2 jellies
  5 orc priests
  7 orc wizards
  2 bullfrog skeletons
  2 iguanas
  10 worker ants
  4 gnolls
  12 adders
  3 shadow imps
  An adder zombie (D:6)
  3 adder skeletons
  A worm (D:3)
  2 dart slugs
  13 leopard geckos
  35 orcs
  6 bats
  6 giant cockroaches
  14 goblins
  7 hobgoblins
  12 jackals
  5 kobolds
  5 quokkas
  2 ball pythons
  7 frilled lizards
  2 quokka zombies
  7 rats
246 creatures vanquished.

Notes
Turn   | Place    | Note
-------+----------+-------------------------------------------
     0 | D:1      | EnegeticOcto the Halfling Fighter began the quest for the
                  | Orb.
     0 | D:1      | Reached XP level 1. HP: 15/15 MP: 1/1
    51 | D:1      | Reached skill level 2 in Maces & Flails
    53 | D:1      | Reached XP level 2. HP: 14/20 MP: 2/2
   360 | D:1      | Reached XP level 3. HP: 8/25 MP: 3/3
  1679 | D:2      | Reached XP level 4. HP: 24/31 MP: 4/4
  2542 | D:3      | Reached skill level 3 in Maces & Flails
  2650 | D:3      | Reached XP level 5. HP: 23/36 MP: 5/5
  3911 | D:3      | Reached XP level 6. HP: 34/42 MP: 6/6
  4356 | D:4      | Reached skill level 4 in Maces & Flails
  4416 | D:4      | Got an ancient long sword
  4417 | D:4      | Identified the +1 long sword of Taphecun {slice, Str+2
                  | Int+2} (You found it on level 4 of the Dungeon)
  4495 | D:4      | Found a glowing golden altar of the Shining One.
  4712 | D:4      | Reached XP level 7. HP: 36/47 MP: 7/7
  5149 | D:5      | Entered Level 5 of the Dungeon
  6141 | D:5      | Reached skill level 5 in Armour
  6141 | D:5      | Reached skill level 5 in Shields
  6467 | D:5      | Reached skill level 5 in Maces & Flails
  6535 | D:5      | Reached XP level 8. HP: 52/54 MP: 8/8
  7239 | D:6      | Found an ancient bone altar of Kikubaaqudgha.
  7889 | D:6      | Reached skill level 6 in Maces & Flails
  8021 | D:6      | Reached skill level 5 in Fighting
  8021 | D:6      | Reached XP level 9. HP: 28/61 MP: 9/9
  8793 | D:7      | Reached skill level 7 in Maces & Flails
  9881 | D:7      | Found Cunteis's Gadget Boutique.
  9894 | D:7      | Bought a wand of paralysis (8) for 140 gold pieces
 10133 | D:7      | Reached XP level 10. HP: 38/68 MP: 10/10
 10292 | D:7      | Reached skill level 8 in Maces & Flails
 10872 | D:7      | Found a staircase to the Ecumenical Temple.
 11105 | Temple   | Entered the Ecumenical Temple
 11134 | Temple   | Became a worshipper of Warmaster Okawaru
 11440 | D:8      | Reached skill level 1 in Invocations
 12269 | D:7      | Reached * piety under Okawaru
 12484 | D:8      | Reached skill level 9 in Maces & Flails
 12684 | D:8      | You fall into a shaft and drop 3 floors!
 12971 | D:11     | Reached XP level 11. HP: 34/73 MP: 10/13
 13187 | D:10     | Entered Level 10 of the Dungeon
 13350 | D:10     | Reached ** piety under Okawaru
 14101 | D:8      | Noticed a red ugly thing
 14124 | D:8      | Killed a red ugly thing
 14753 | D:9      | Noticed Harold
 14782 | D:9      | Killed Harold
 14804 | D:9      | Reached *** piety under Okawaru
 15408 | D:9      | Noticed a wizard
 15408 | D:9      | Cast into level 2 of the Abyss (a wizard)
 15594 | Abyss:2  | Noticed a death knight
 15594 | Abyss:2  | Noticed a phantasmal warrior
 15595 | Abyss:2  | Noticed a flayed ghost
 15595 | Abyss:2  | Noticed a phantasmal warrior
 15603 | Abyss:2  | Found a corrupted altar of Lugonu.
 15834 | Abyss:2  | Noticed a starcursed mass
 15846 | Abyss:2  | Noticed a worldbinder
 15917 | Abyss:2  | Noticed a starcursed mass
 16027 | Abyss:2  | Noticed an Executioner
 16045 | Abyss:2  | Noticed a large abomination
 16049 | Abyss:2  | HP: 3/75 [Executioner (5)]
 16049 | Abyss:2  | Slain by an Executioner

Levels and vault maps discovered:
D:1:      ncdulo_smallfort, layout_loops_corners, minmay_pentomino_w2
D:2:      layout_loops_cross
D:3:      minmay_recursive_quarters, layout_basic, first_ration,
          saegor_snake_ambush
D:4:      layout_basic, tso_metal_star
D:5:      layout_basic
D:6:      layout_loops_ring, basic_altar
D:7:      layout_layer_cave, temple_green, serial_shops,
          nicolae_shop_waterfront, the_bakery, minmay_circle_x
D:8:      layout_cave_pods
D:9:      layout_stronghold, lightli_wizard_tower, uniq_harold
D:10:     layout_gridville, david_lair_shrubbed, nicolae_ru_awakened_eye
D:11:     layout_gridville, minmay_orc_entry_guard_dogs, uniq_grum
Temple:   regret_index_temple_sigil_plot
Abyss:2:  base: D:5, serial_sigils_hangedman_gut, serial_sigils_hangedman_quiver

Skill      XL: |  1  2  3  4  5  6  7  8  9 10 11 |
---------------+----------------------------------+-----
Maces & Flails | 2 3 4 5 6 7 9 |  9.9
Fighting       | 3 4 5 6 7 |  7.4
Shields        | 4 5 6 7 8 |  8.9
Armour         | 4 5 6 7 8 |  8.8
Invocations    | 2 4 |  4.3

Action                   |  1- 3 |  4- 6 |  7- 9 | 10-12 || total
-------------------------+-------+-------+-------+-------++-------
Melee: Flail             |    89 |     5 |    33 |   401 ||   528
       Whip              |    65 |   384 |   770 |   439 ||  1658
       Unarmed           |       |       |    17 |       ||    17
Throw: Dart              |       |       |     3 |       ||     3
Invok: Heroism           |       |       |       |     7 ||     7
Evoke: Wand              |       |       |       |     1 ||     1
  Use: Scroll            |     4 |       |     3 |    20 ||    27
       Potion            |       |       |     6 |     6 ||    12
 Stab: Invisible         |       |       |     2 |       ||     2
       Paralysed         |       |       |       |     1 ||     1
  Eat: Chunk             |     3 |    10 |    14 |    24 ||    51
       Ration            |       |       |     1 |     1 ||     2
Armor: Scale mail        |    54 |    82 |       |       ||   136
       Plate armour      |       |    60 |   424 |   365 ||   849
       Skin              |       |       |    23 |       ||    23
Dodge: Dodged            |    92 |   120 |   143 |   134 ||   489
Block: Shield            |    87 |   216 |   430 |   438 ||  1171

Table legend:
 A = Non-vault XP
 B = Vault XP
 C = Vault XP percentage of total XP
 D = Non-vault monster count
 E = Vault monster count
 F = Vault count percentage of total count
                 A         B        C        D         E       F
            +---------+---------+-------+---------+---------+-------
      Total |   10299 |    1628 |  13.6 |     224 |      22 |   8.9
            +---------+---------+-------+---------+---------+-------
        D:1 |      57 |       2 |   3.4 |      24 |       1 |   4.0
        D:2 |      60 |       0 |   0.0 |      20 |       0 |   0.0
        D:3 |     122 |      66 |  35.1 |      25 |      15 |  37.5
        D:4 |     406 |       0 |   0.0 |      18 |       0 |   0.0
        D:5 |     450 |       0 |   0.0 |      12 |       0 |   0.0
        D:6 |    1720 |       0 |   0.0 |      32 |       0 |   0.0
        D:7 |    2160 |     368 |  14.6 |      28 |       3 |   9.7
        D:8 |    2759 |       0 |   0.0 |      28 |       0 |   0.0
        D:9 |    1278 |     960 |  42.9 |      19 |       1 |   5.0
       D:10 |     420 |       0 |   0.0 |       8 |       0 |   0.0
       D:11 |     495 |     232 |  31.9 |       8 |       2 |  20.0
    Abyss:2 |     372 |       0 |   0.0 |       2 |       0 |   0.0
            +---------+---------+-------+---------+---------+-------
